[Event "Titled Tuesday Blitz March 29 Early 2022"]
[White "Shtyka, Sergey"]
[Black "Salinas Herrera, Pablo"]
[WhiteFideId "4138465"]
[BlackFideId "3407128"]
[WhiteElo "2014"]
[BlackElo "2541"]
[Result "0-1"]
[Round "01"]
[TimeControl "180+1"]
[Date "2022.03.30"]
[WhiteClock "0:00:29"]
[BlackClock "0:01:16"]

1. e4 c5 2. Nf3 e6 3. d4 cxd4 4. Nxd4 a6 5. Nc3 Qc7 6. Be3 Nf6 7. Bd3 b5 8. a3 Bb7 9. f4 Bc5 10. Qf3 O-O 11. O-O Nc6 12. Nxc6 Qxc6 13. Rae1 d6 14. Bxc5 Qxc5+ 15. Qe3 Qxe3+ 16. Rxe3 e5 17. fxe5 dxe5 18. Be2 Rad8 19. Rd3 Nxe4 20. Nxe4 Bxe4 21. Re3 f5 22. Bf3 Bxf3 23. gxf3 Rd5 24. Rfe1 Re8 25. Kf2 Kf7 26. Rc3 Kf6 27. Rc7 Re7 28. Rc6+ Re6 29. Rc8 Rd2+ 30. Re2 Rxe2+ 31. Kxe2 e4 32. fxe4 Rxe4+ 33. Kf3 Re6 34. c4 bxc4 35. Rxc4 g5 36. h3 h5 37. b4 Rd6 38. Rc3 g4+ 39. hxg4 hxg4+ 40. Kf4 Rd4+ 41. Ke3 Re4+ 42. Kf2 Kg5 43. Rc6 f4 44. Rxa6 g3+ 45. Kg2 Re2+ 46. Kf1 f3 47. Ra8 g2+ 0-1


[Site "https://www.chess.com"]

[Event "Titled Tuesday Blitz March 29 Early 2022"]
[White "Shuvalova, Polina"]
[Black "Fathy, Elameir"]
[WhiteFideId "24171760"]
[BlackFideId "10600396"]
[WhiteElo "2355"]
[BlackElo "2311"]
[Result "1/2-1/2"]
[Round "01"]
[TimeControl "180+1"]
[Date "2022.03.30"]
[WhiteClock "0:00:08"]
[BlackClock "0:00:03"]

1. d4 d5 2. Nf3 Nf6 3. Bf4 c5 4. e3 Nc6 5. Nbd2 Qb6 6. dxc5 Qxb2 7. Rb1 Qc3 8. Bb5 g6 9. O-O Bg7 10. Ne5 Qxc5 11. c4 O-O 12. Nb3 Qa3 13. Nxc6 bxc6 14. Bxc6 Bf5 15. Bxa8 Bxb1 16. Qxb1 Rxa8 17. Rc1 dxc4 18. Rxc4 Rd8 19. h3 Nd5 20. Bc7 Nxc7 21. Rxc7 Be5 22. Rc4 Qxa2 23. Rc1 Qxb1 24. Rxb1 Rb8 25. Nd2 Rxb1+ 26. Nxb1 a5 27. Kf1 a4 28. Ke2 Bd6 29. Kd3 a3 30. Nc3 f5 31. Kc4 Kf7 32. Kb3 e5 33. Nb5 Ke6 34. Nxa3 Bxa3 35. Kxa3 Kd5 36. Kb3 Ke4 37. Kc3 f4 38. exf4 exf4 39. h4 h6 40. Kc4 g5 41. hxg5 hxg5 42. Kc3 g4 43. Kd2 f3 44. g3 Kd4 45. Kc2 Kc4 46. Kd2 Kd4 47. Kc2 Kc4 48. Kd2 Kd4 1/2-1/2


[Site "https://www.chess.com"]

[Event "Titled Tuesday Blitz March 29 Early 2022"]
[White "Silva, Mariana Sofia T."]
[Black "Le Ruyet, Leopold"]
[WhiteFideId "1911899"]
[BlackFideId "645923"]
[WhiteElo "1825"]
[BlackElo "2276"]
[Result "1-0"]
[Round "01"]
[TimeControl "180+1"]
[Date "2022.03.30"]
[WhiteClock "0:00:04"]
[BlackClock "0:00:05"]

1. d4 d5 2. c4 dxc4 3. e3 Nf6 4. Nf3 e6 5. Bxc4 a6 6. O-O c5 7. Be2 Nc6 8. b3 cxd4 9. exd4 Bd6 10. Bb2 O-O 11. Ne5 Ne7 12. Nc3 Nf5 13. Bf3 Bc7 14. Ne4 Nd5 15. Rc1 Bb6 16. Nc5 Ba7 17. Ba3 Qa5 18. Na4 Rd8 19. Bc5 Bxc5 20. Rxc5 Qb4 21. Bxd5 exd5 22. Nf3 Be6 23. Nc3 b6 24. a3 bxc5 25. axb4 cxb4 26. Na4 a5 27. Nc5 Nd6 28. Re1 Bg4 29. h3 Bh5 30. Qd3 Bg6 31. Qe3 Re8 32. Qd2 Ne4 33. Nxe4 Bxe4 34. Rc1 Ra7 35. Ne5 f6 36. Nd3 a4 37. bxa4 Rxa4 38. Nc5 Rc8 39. Nxe4 dxe4 40. Rxc8+ Kf7 41. d5 Kg6 42. Qd4 e3 43. Qxe3 b3 44. Qxb3 Ra1+ 45. Kh2 Rf1 46. Qg3+ Kh6 47. d6 Kh5 48. Rc7 f5 49. Rxg7 f4 50. Qg5# 1-0


[Site "https://www.chess.com"]

[Event "Titled Tuesday Blitz March 29 Early 2022"]
[White "Smietanska, Wiktoria"]
[Black "Manukyan, Sargis A."]
[WhiteFideId "21869359"]
[BlackFideId "13303970"]
[WhiteElo "1893"]
[BlackElo "2187"]
[Result "1-0"]
[Round "01"]
[TimeControl "180+1"]
[Date "2022.03.30"]
[WhiteClock "0:00:58"]
[BlackClock "0:00:53"]

1. c4 Nf6 2. Nc3 e6 3. e4 c5 4. e5 Ng8 5. Nf3 Nc6 6. d4 cxd4 7. Nxd4 Nxd4 8. Qxd4 Ne7 9. f4 Nc6 10. Qd2 d6 11. exd6 Bxd6 12. Be2 O-O 13. O-O Bc5+ 14. Kh1 Qxd2 15. Bxd2 Rd8 16. Rad1 a6 17. Ne4 Be7 18. Bc3 Bd7 19. Rd2 Be8 20. Rfd1 Rxd2 21. Rxd2 Rd8 22. Rxd8 Nxd8 23. b4 Bc6 24. Bd3 h6 25. Bd4 Bxb4 26. Nc5 Bxc5 27. Bxc5 Bd7 28. Be4 Nc6 29. Kg1 f6 30. Kf2 Kf7 31. Ke3 g5 32. g3 f5 33. Bf3 Na5 34. Kd4 Bc6 35. Bh5+ Kf6 36. Bb6 Nxc4 37. Kxc4 Bd5+ 38. Kd4 Bxa2 39. Bd8+ Kg7 40. fxg5 hxg5 41. Bxg5 Bd5 42. Be8 b5 43. Kc5 Bc4 44. Bc6 e5 45. Bb7 a5 46. Ba6 a4 47. Bxb5 Bxb5 48. Kxb5 a3 49. Bc1 Kg6 50. Bxa3 Kg5 51. Bd6 e4 52. h4+ Kg4 53. Bf4 Kf3 54. h5 e3 55. Bxe3 Kxe3 56. h6 Kf3 57. h7 Kxg3 58. h8=Q f4 59. Qg7+ Kf2 60. Kc4 f3 61. Kd3 Kf1 62. Ke3 f2 63. Qg3 Ke1 64. Qxf2+ Kd1 65. Qd2# 1-0


[Site "https://www.chess.com"]

[Event "Titled Tuesday Blitz March 29 Early 2022"]
[White "Stromboli, Ettore"]
[Black "Matlakov, Maxim"]
[WhiteFideId "813761"]
[BlackFideId "4168003"]
[WhiteElo "2414"]
[BlackElo "2669"]
[Result "0-1"]
[Round "01"]
[TimeControl "180+1"]
[Date "2022.03.29"]
[WhiteClock "0:00:07"]
[BlackClock "0:00:13"]

1. e4 c5 2. Nf3 d6 3. d4 cxd4 4. Nxd4 Nf6 5. f3 Nc6 6. c4 e5 7. Nc2 Be7 8. Nc3 O-O 9. Be2 Be6 10. O-O Rc8 11. Be3 a6 12. Rc1 Nd7 13. b4 Bg5 14. Qxd6 Bxe3+ 15. Nxe3 Nd4 16. Ned5 Re8 17. b5 axb5 18. Qb4 Qg5 19. Kh1 h5 20. f4 exf4 21. cxb5 Nxe2 22. Nxe2 Rxc1 23. Nxc1 f3 24. gxf3 Bxd5 25. exd5 Qxd5 26. Qb3 Qf5 27. Qd3 Qe6 28. Rg1 Ne5 29. Qe4 Qd7 30. Re1 Re6 31. Qf5 Qxb5 32. Qxh5 Qc6 33. Rd1 Re8 34. Rf1 g6 35. Qh3 Nc4 36. Nb3 Ne3 37. Re1 Nf5 38. Rxe8+ Qxe8 39. Qg2 Qe3 40. Qf1 Nh4 41. h3 Nxf3 42. Kg2 Nh4+ 43. Kh2 Qe5+ 44. Kg1 Qg3+ 45. Kh1 Nf3 46. Qg2 Qe1+ 47. Qg1 Qxg1# 0-1


[Site "https://www.chess.com"]

[Event "Titled Tuesday Blitz March 29 Early 2022"]
[White "Suarez Uriel, Adrian"]
[Black "Mogirzan, Matei-Valeriu"]
[WhiteFideId "22230874"]
[BlackFideId "1257455"]
[WhiteElo "2316"]
[BlackElo "1733"]
[Result "0-1"]
[Round "01"]
[TimeControl "180+1"]
[Date "2022.03.30"]
[WhiteClock "0:00:05"]
[BlackClock "0:00:07"]

1. e4 e5 2. Nf3 Nf6 3. d4 Nxe4 4. Bd3 d5 5. dxe5 Nc6 6. O-O Be6 7. Nbd2 Nxd2 8. Bxd2 Be7 9. Re1 Qd7 10. h4 O-O-O 11. Qe2 Bg4 12. Qe3 Kb8 13. g3 h6 14. Bf1 g5 15. Bg2 Bh3 16. h5 Qg4 17. b4 d4 18. Qe4 Qxe4 19. Rxe4 Bf5 20. Ree1 Nxb4 21. Bxb4 Bxb4 22. Re2 Bc3 23. Rb1 b6 24. Ne1 Rhe8 25. Nd3 Bxd3 26. cxd3 Re7 27. f4 Rde8 28. Bc6 Rg8 29. f5 f6 30. e6 Rd8 31. a4 a5 32. Rb5 Rd6 33. Bg2 Bb4 34. Rc2 Ka7 35. Rd5 Rxd5 36. Bxd5 Bd6 37. Kg2 c5 38. g4 Be5 39. Kf3 Kb8 40. Ke4 Kc7 41. Rb2 Re8 42. Bc4 Re7 43. Bb5 Bd6 44. Kd5 Be5 45. Re2 Bd6 46. Re4 Bf4 47. Re2 Bd6 48. Re4 Bf4 49. Rxf4 gxf4 50. Ke4 Kd6 51. Kxf4 Rg7 52. Bc4 Rg5 53. Bb3 Rg7 54. Bd1 Rb7 55. Bf3 Rb8 56. g5 hxg5+ 57. Kg4 b5 58. axb5 a4 59. h6 a3 60. h7 a2 61. e7 a1=Q 62. Kh5 Qg1 63. Kg6 Qh2 64. Bh5 Rh8 65. Kg7 Rxh7+ 66. Kxh7 Qxh5+ 67. Kg7 Qe8 68. Kxf6 Qxe7+ 69. Kg6 g4 70. f6 Qe6 71. Kg7 Qxf6+ 72. Kxf6 g3 73. b6 Kc6 74. b7 Kxb7 75. Ke5 Kc6 0-1


[Site "https://www.chess.com"]

[Event "Titled Tuesday Blitz March 29 Early 2022"]
[White "Sztokbant, Bernardo Vainzoff"]
[Black "Simonovic, Miroslav"]
[WhiteFideId "2115956"]
[BlackFideId "919152"]
[WhiteElo "2237"]
[BlackElo "2043"]
[Result "1-0"]
[Round "01"]
[TimeControl "180+1"]
[Date "2022.03.30"]
[WhiteClock "0:00:21"]
[BlackClock "0:00:06"]

1. d4 Nf6 2. c4 c5 3. Nf3 b6 4. Nc3 Bb7 5. d5 g6 6. e4 d6 7. Bd3 Nbd7 8. O-O Bg7 9. Re1 O-O 10. Bf4 Ng4 11. Qd2 Nge5 12. Nxe5 Nxe5 13. Bf1 Re8 14. Bg3 e6 15. Rad1 exd5 16. Nxd5 Nc6 17. f3 Nd4 18. Ne3 a6 19. Kh1 Qg5 20. Bxd6 Rad8 21. f4 Qh6 22. Bc7 Nf3 23. Ng4 Rxd2 24. Nxh6+ Bxh6 25. gxf3 Rxb2 26. Rd7 Bc6 27. Rd6 Re6 28. Rd8+ Re8 29. Red1 Bf8 30. Rxe8 Bxe8 31. Rd8 Rb1 32. Kg2 Rb3 33. axb3 1-0


[Site "https://www.chess.com"]

[Event "Titled Tuesday Blitz March 29 Early 2022"]
[White "Taboas Rodriguez, Daniel"]
[Black "Wu, Sibo"]
[WhiteFideId "2208466"]
[BlackFideId "8606048"]
[WhiteElo "2429"]
[BlackElo "2336"]
[Result "1-0"]
[Round "01"]
[TimeControl "180+1"]
[Date "2022.03.30"]
[WhiteClock "0:01:35"]
[BlackClock "0:00:25"]

1. d4 d5 2. Nf3 Nf6 3. c4 c6 4. cxd5 cxd5 5. Nc3 a6 6. Bf4 Nc6 7. Rc1 Bg4 8. Ne5 e6 9. Qa4 Rc8 10. e3 Qb6 11. Nxc6 Qxc6 12. Qxc6+ Rxc6 13. f3 Bf5 14. g4 Bg6 15. Kd2 Be7 16. h4 h5 17. g5 Nd7 18. Be2 O-O 19. Na4 Rfc8 20. Rxc6 Rxc6 21. Rc1 Bb4+ 22. Kd1 Rxc1+ 23. Kxc1 Be1 24. Nc5 Nxc5 25. dxc5 Bxh4 26. Kd2 f6 27. gxf6 Bxf6 28. b4 e5 29. Bh2 Bf5 30. Bd1 Bd7 31. Bb3 Bc6 32. e4 Kf8 33. exd5 Bd7 34. Ke3 g5 35. Bc4 Bf5 36. d6 g4 37. fxg4 hxg4 38. Bd5 Bg5+ 39. Ke2 Bf4 40. Bxf4 exf4 41. Bxb7 Ke8 1-0


[Site "https://www.chess.com"]

[Event "Titled Tuesday Blitz March 29 Early 2022"]
[White "Thomas, Anysia"]
[Black "Perera Alfonso, Rene Humberto"]
[WhiteFideId "670472"]
[BlackFideId "3514722"]
[WhiteElo "2002"]
[BlackElo "2313"]
[Result "0-1"]
[Round "01"]
[TimeControl "180+1"]
[Date "2022.03.30"]
[WhiteClock "0:00:02"]
[BlackClock "0:01:52"]

1. d4 d5 2. c4 c6 3. Nf3 Nf6 4. e3 Bg4 5. Nc3 e6 6. Qb3 Qb6 7. Ne5 Bf5 8. Bd2 Nbd7 9. f4 Nxe5 10. fxe5 Ne4 11. Be2 Nxd2 12. Kxd2 Qc7 13. Bf3 Be7 14. Rac1 Qd7 15. h3 O-O 16. g4 Bg6 17. h4 f6 18. h5 Be4 19. Nxe4 dxe4 20. Bxe4 fxe5 21. Qd3 h6 22. Rcf1 Rad8 23. Rxf8+ Bxf8 24. Rf1 exd4 25. exd4 Qc7 26. Bh7+ Kh8 27. Bg6 e5 28. Kc1 Be7 29. Qf5 exd4 30. Kb1 d3 31. Rd1 d2 32. Bf7 Bf6 33. Qg6 Qe5 34. Rxd2 Rxd2 0-1


[Site "https://www.chess.com"]

[Event "Titled Tuesday Blitz March 29 Early 2022"]
[White "Vakhlamov, Igor L."]
[Black "Pourkashiyan, Atousa"]
[WhiteFideId "24126748"]
[BlackFideId "12502014"]
[WhiteElo "2401"]
[BlackElo "2247"]
[Result "1-0"]
[Round "01"]
[TimeControl "180+1"]
[Date "2022.03.29"]
[WhiteClock "0:00:45"]
[BlackClock "0:00:13"]

1. e4 e5 2. Nf3 Nf6 3. Nc3 Nc6 4. Bb5 Bc5 5. O-O O-O 6. Nxe5 Nxe5 7. d4 Bd6 8. f4 Ng6 9. e5 c6 10. Bd3 Bb4 11. exf6 Qxf6 12. f5 Bxc3 13. bxc3 Ne7 14. Qg4 d5 15. Bg5 Qd6 16. Bf4 Qa3 17. Bh6 Ng6 18. Bd2 f6 19. Rae1 Bd7 20. Qg3 Ne7 21. Bc1 Qxc3 22. Rxe7 Rf7 23. Rxf7 Kxf7 24. Be3 Re8 25. Bf2 Kg8 26. h3 Qa5 27. Be3 b5 28. Bh6 Re7 29. Qd6 Kf7 30. Bf4 Qc3 31. Qc5 Qb2 32. Bd6 Re3 33. Qxa7 1-0


[Site "https://www.chess.com"]

[Event "Titled Tuesday Blitz March 29 Early 2022"]
[White "Vasquez Schroeder, Rodrigo"]
[Black "Del Rio De Angelis, Salvador G."]
[WhiteFideId "3400042"]
[BlackFideId "2203138"]
[WhiteElo "2561"]
[BlackElo "2491"]
[Result "1/2-1/2"]
[Round "01"]
[TimeControl "180+1"]
[Date "2022.03.29"]
[WhiteClock "0:00:51"]
[BlackClock "0:00:29"]

1. e4 d6 2. d4 Nf6 3. Nc3 e5 4. Nf3 Nbd7 5. Bc4 Be7 6. O-O O-O 7. a4 c6 8. a5 h6 9. Qe2 Re8 10. Rd1 exd4 11. Nxd4 Bf8 12. Ba2 d5 13. f3 c5 14. Nb3 d4 15. Nb5 Ne5 16. Bf4 Ng6 17. Bd2 Be6 18. Na3 Ne5 19. Bf4 Ng6 20. Bg3 Nh5 21. Bf2 Qg5 22. Kh1 Rad8 23. Qf1 Bd6 24. Nc4 Bb8 25. g4 Nhf4 26. Bg3 h5 27. gxh5 Nxh5 28. Bxb8 Rxb8 29. Nbd2 Ngf4 30. Qf2 Qh6 31. Qh4 Qf6 32. Qxf6 Nxf6 33. Nd6 Red8 34. Bxe6 Rxd6 35. Bc4 N6h5 36. Rg1 g6 37. Bf1 Kg7 38. Nc4 Re6 39. Rg4 Rd8 40. Kg1 Re7 41. Rd1 Ne6 42. Kf2 Nhf4 43. Kg3 Nh5+ 44. Kf2 Nhf4 45. Kg3 Nh5+ 46. Kf2 1/2-1/2


[Site "https://www.chess.com"]

[Event "Titled Tuesday Blitz March 29 Early 2022"]
[White "Vestby-Ellingsen, Mads"]
[Black "Perez Ponsa, Federico"]
[WhiteFideId "1520857"]
[BlackFideId "117927"]
[WhiteElo "2232"]
[BlackElo "2672"]
[Result "0-1"]
[Round "01"]
[TimeControl "180+1"]
[Date "2022.03.29"]
[WhiteClock "0:00:01"]
[BlackClock "0:00:25"]

1. e4 c5 2. Nf3 d6 3. d4 cxd4 4. Nxd4 Nf6 5. Nc3 a6 6. Bc4 e6 7. Bb3 Nbd7 8. Be3 Nc5 9. O-O Be7 10. Qf3 O-O 11. Rfd1 Qc7 12. Nde2 b5 13. Ng3 b4 14. Na4 Bb7 15. Nxc5 dxc5 16. Bc4 Nd7 17. Bf4 Ne5 18. Qe2 g5 19. Be3 Ng6 20. Qg4 Qe5 21. a3 Qxb2 22. axb4 cxb4 23. Bxg5 Bxg5 24. Qxg5 Qe5 25. Qe3 Rfc8 26. Bd3 a5 27. h3 a4 28. Ne2 a3 29. f4 Qc5 30. Qxc5 Rxc5 31. f5 Ne5 32. Nd4 Rd8 33. Nb3 Rc3 34. fxe6 fxe6 35. Na5 Ba8 36. Rdb1 Nxd3 37. cxd3 Rd4 38. Nb3 Rdxd3 39. Na5 Rc5 40. Nb3 Rc2 41. Na5 Bxe4 42. Rxb4 Rxg2+ 43. Kf1 Bd5 44. Rg4+ Rxg4 45. hxg4 a2 46. Ke2 Ra3 0-1


[Site "https://www.chess.com"]

[Event "Titled Tuesday Blitz March 29 Early 2022"]
[White "Vlassov, Nikolai"]
[Black "De Souza, Cristiano Gomes"]
[WhiteFideId "4103360"]
[BlackFideId "2151758"]
[WhiteElo "2407"]
[BlackElo "2068"]
[Result "1-0"]
[Round "01"]
[TimeControl "180+1"]
[Date "2022.03.30"]
[WhiteClock "0:00:22"]
[BlackClock "0:00:12"]

1. e4 c5 2. c3 d6 3. d4 Nf6 4. Bd3 Qc7 5. f4 Bg4 6. Qa4+ Bd7 7. Qc2 cxd4 8. Nf3 Nc6 9. cxd4 Rc8 10. Bd2 Bg4 11. d5 Bxf3 12. dxc6 Bxg2 13. Rg1 Bh3 14. cxb7 Qxb7 15. Qa4+ Bd7 16. Qd4 Qb6 17. Qxb6 axb6 18. Nc3 g6 19. Be3 Bg7 20. Bxb6 O-O 21. Bd4 Ng4 22. Bxg7 Kxg7 23. Rg2 Ne3 24. Re2 Nc4 25. O-O-O Bg4 26. Rde1 Bxe2 27. Rxe2 e6 28. Rc2 Nb6 29. b3 Rc7 30. a4 Rfc8 31. Nb5 Rxc2+ 32. Bxc2 d5 33. e5 f6 34. exf6+ Kxf6 35. Kd2 Ke7 36. Bd3 Na8 37. a5 Nc7 38. Nd4 Kd6 39. b4 Ra8 40. Ke3 e5 41. fxe5+ Kxe5 42. b5 Kd6 43. b6 Ne6 44. b7 Rb8 45. a6 Nxd4 46. Kxd4 Kc6 47. a7 1-0


[Site "https://www.chess.com"]

[Event "Titled Tuesday Blitz March 29 Early 2022"]
[White "Vokhidov, Shamsiddin"]
[Black "Mkrtchyan, Mariam"]
[WhiteFideId "14204223"]
[BlackFideId "13310828"]
[WhiteElo "2611"]
[BlackElo "1984"]
[Result "1-0"]
[Round "01"]
[TimeControl "180+1"]
[Date "2022.03.29"]
[WhiteClock "0:01:42"]
[BlackClock "0:00:01"]

1. e4 c6 2. d4 d5 3. exd5 cxd5 4. c4 Nf6 5. Nc3 g6 6. cxd5 Bg7 7. Bc4 O-O 8. Nge2 Nbd7 9. Nf4 a6 10. a4 b6 11. O-O Bb7 12. Re1 Rc8 13. b3 Re8 14. Ba3 Bf8 15. Qd3 Nb8 16. d6 exd6 17. Nxg6 Rxc4 18. Nxf8 Rxc3 19. Qxc3 Rxe1+ 20. Rxe1 Qxf8 21. Qc7 Qc8 22. Qxd6 Nbd7 23. Qg3+ Kh8 24. d5 Nxd5 25. Bb2+ f6 26. h4 Qg8 27. Qf3 Ba8 28. g3 a5 29. Qf5 Bc6 30. Re6 Qc8 31. Rd6 Qc7 32. Rxd5 Bxd5 33. Qxd5 Kg7 34. Qe6 Qd8 35. h5 h6 36. Qg4+ Kf7 37. Qg6+ Ke7 38. Qxh6 Qc7 39. Qg7+ Ke6 40. h6 Qc2 41. Qg4+ 1-0


[Site "https://www.chess.com"]

[Event "Titled Tuesday Blitz March 29 Early 2022"]
[White "Vysochin, Spartak"]
[Black "Kiltti, Jyrki"]
[WhiteFideId "14103516"]
[BlackFideId "501204"]
[WhiteElo "2385"]
[BlackElo "2245"]
[Result "1-0"]
[Round "01"]
[TimeControl "180+1"]
[Date "2022.03.30"]
[WhiteClock "0:01:30"]
[BlackClock "0:01:34"]

1. e4 Nc6 2. Nf3 e5 3. Bb5 Qf6 4. Nc3 Nge7 5. O-O g5 6. d4 g4 7. Nxe5 Nxe5 8. dxe5 Qxe5 9. Be3 Rg8 10. f4 gxf3 11. Qxf3 Qg7 12. Bc4 d5 13. Nxd5 Nxd5 14. Bxd5 Be6 15. Bxb7 Bg4 16. Bc6+ Ke7 17. Bc5+ Ke6 18. Qb3+ Ke5 19. Qd5# 1-0


[Site "https://www.chess.com"]

[Event "Titled Tuesday Blitz March 29 Early 2022"]
[White "Weetik, Vjacheslav"]
[Black "Alinasab, Mobina"]
[WhiteFideId "4153472"]
[BlackFideId "12528897"]
[WhiteElo "2469"]
[BlackElo "2052"]
[Result "0-1"]
[Round "01"]
[TimeControl "180+1"]
[Date "2022.03.30"]
[WhiteClock "0:00:02"]
[BlackClock "0:00:20"]

1. d4 Nf6 2. c4 e6 3. Nf3 d5 4. g3 dxc4 5. Bg2 c6 6. Ne5 Bb4+ 7. Nc3 Nd5 8. Bd2 b5 9. O-O a5 10. e4 Nxc3 11. bxc3 Be7 12. Qg4 O-O 13. Bh6 Bf6 14. f4 Kh8 15. Bg5 h6 16. Qh5 Kg8 17. Bxf6 Qxf6 18. f5 exf5 19. exf5 Ra6 20. h4 c5 21. Ng4 Qd6 22. f6 Qxg3 23. Rf3 Qxg4 24. Qe5 Nd7 25. Qh2 Nxf6 26. Raf1 cxd4 27. Rg3 Qd7 0-1


[Site "https://www.chess.com"]

[Event "Titled Tuesday Blitz March 29 Early 2022"]
[White "Xiong, Jeffery"]
[Black "Hnydiuk, Aleksander"]
[WhiteFideId "2047640"]
[BlackFideId "1109057"]
[WhiteElo "2727"]
[BlackElo "2374"]
[Result "1/2-1/2"]
[Round "01"]
[TimeControl "180+1"]
[Date "2022.03.29"]
[WhiteClock "0:00:03"]
[BlackClock "0:00:12"]

1. e4 c5 2. Nc3 e6 3. Nf3 a6 4. d4 cxd4 5. Nxd4 d6 6. Be3 b5 7. a3 Bb7 8. f3 Nd7 9. Qd2 Rc8 10. O-O-O Ngf6 11. g4 Ne5 12. g5 Nfd7 13. f4 Nc4 14. Bxc4 Rxc4 15. Rhe1 Be7 16. h4 Qc7 17. Bf2 O-O 18. h5 g6 19. hxg6 hxg6 20. Rh1 Rc8 21. Be3 Bf8 22. Rh3 Bg7 23. Rdh1 Rxc3 24. Qh2 Kf8 25. bxc3 Qxc3 26. f5 exf5 27. Qxd6+ Ke8 28. Rh8+ Bf8 29. Bf4 Bxe4 30. Rxf8+ Nxf8 31. Qe5+ Kd7 32. Qd6+ Ke8 33. Rh8 Qe1+ 34. Kb2 Qc3+ 35. Ka2 Qc4+ 36. Ka1 Qc3+ 37. Ka2 Qc4+ 38. Kb2 Qc3+ 39. Kc1 Qe1+ 40. Kb2 Qc3+ 1/2-1/2


[Site "https://www.chess.com"]

[Event "Titled Tuesday Blitz March 29 Early 2022"]
[White "Xu, Yi"]
[Black "Tymrakiewicz, Rafal"]
[WhiteFideId "8605564"]
[BlackFideId "1108832"]
[WhiteElo "2471"]
[BlackElo "2205"]
[Result "1-0"]
[Round "01"]
[TimeControl "180+1"]
[Date "2022.03.29"]
[WhiteClock "0:00:14"]
[BlackClock "0:00:02"]

1. e4 Nf6 2. e5 Nd5 3. d4 d6 4. Nf3 g6 5. Bc4 Nb6 6. Bb3 d5 7. h3 Bg7 8. c3 Nc6 9. Bf4 f6 10. O-O fxe5 11. Nxe5 Nxe5 12. Bxe5 Bxe5 13. dxe5 O-O 14. Nd2 c5 15. Nf3 Bf5 16. Qe2 c4 17. Bc2 Bxc2 18. Qxc2 e6 19. Nd4 Qe7 20. f4 Nd7 21. Qe2 Nc5 22. Qg4 Kh8 23. h4 Qf7 24. Rf3 Ne4 25. Nxe6 Qd7 26. Qh3 Rae8 27. Nxf8 Qxh3 28. Nxg6+ hxg6 29. Rxh3 Nc5 30. Rd1 Nd3 31. Rhxd3 cxd3 32. Rxd3 Rd8 33. Rd4 b5 34. Kf2 Kg7 35. g4 Kf7 36. f5 gxf5 37. gxf5 Ke7 38. Kf3 a6 39. Kf4 a5 40. h5 a4 41. a3 Kf7 42. h6 Ke7 43. h7 Rh8 44. Rxd5 Rxh7 45. Rxb5 Kd8 46. Rb4 Kc7 47. Rxa4 Rh4+ 48. Kg5 Rxa4 49. f6 Kd7 50. Kf5 Ra5 51. c4 Rc5 52. b3 Ra5 53. a4 Rc5 54. a5 Rxa5 55. b4 Ra1 56. e6+ Ke8 57. Ke5 Re1+ 58. Kd6 Rd1+ 59. Kc5 Re1 60. Kd5 Rd1+ 61. Kc6 Re1 62. f7+ Ke7 63. b5 Rxe6+ 64. Kc7 Kxf7 65. b6 Re7+ 66. Kc6 Re6+ 67. Kb5 Re5+ 68. Ka6 1-0


[Site "https://www.chess.com"]

[Event "Titled Tuesday Blitz March 29 Early 2022"]
[White "Yang, Kaiqi"]
[Black "volunteers1998"]
[WhiteFideId "8604398"]
[WhiteElo "2373"]
[BlackElo "2267"]
[Result "1-0"]
[Round "01"]
[TimeControl "180+1"]
[Date "2022.03.30"]
[WhiteClock "0:00:33"]
[BlackClock "0:00:30"]

1. e4 c5 2. Nc3 Nc6 3. Bb5 Nf6 4. Bxc6 bxc6 5. d3 g6 6. f4 Bg7 7. Nf3 O-O 8. O-O d6 9. Qe1 Rb8 10. Rb1 Ba6 11. b3 Ne8 12. Bd2 e6 13. f5 exf5 14. exf5 d5 15. Na4 Qd6 16. Ng5 c4 17. Bf4 Qd8 18. Bxb8 Qxg5 19. Bf4 Qxf5 20. Bd6 Qg5 21. Bxf8 Kxf8 22. Qe6 Qe7 23. Qxe7+ Kxe7 24. bxc4 dxc4 25. Rfe1+ Kd8 26. dxc4 Nf6 27. Nc5 Bxc4 28. Rb7 Nd5 29. Rd7+ 1-0


[Site "https://www.chess.com"]

[Event "Titled Tuesday Blitz March 29 Early 2022"]
[White "Zaksaite, Salomeja"]
[Black "Obolentseva, Alexandra"]
[WhiteFideId "12801496"]
[BlackFideId "24153648"]
[WhiteElo "1953"]
[BlackElo "2113"]
[Result "1-0"]
[Round "01"]
[TimeControl "180+1"]
[Date "2022.03.30"]
[WhiteClock "0:00:14"]
[BlackClock "0:00:46"]

1. e4 c5 2. Nf3 d6 3. d4 cxd4 4. Nxd4 Nf6 5. Nc3 a6 6. h3 e5 7. Nde2 h5 8. g3 Be6 9. Bg2 Be7 10. Be3 Nc6 11. Qd2 Rc8 12. O-O O-O 13. Nd5 Nd7 14. Nxe7+ Qxe7 15. Rfd1 Bc4 16. Qxd6 Qxd6 17. Rxd6 Nf6 18. Nc3 Nb4 19. Rc1 Nxa2 20. Nxa2 Bxa2 21. b3 a5 22. Rb6 a4 23. bxa4 Rc4 24. a5 Nxe4 25. Ra1 Nc3 26. Rxb7 Ra4 27. Bb6 Rc8 28. Bf1 Nd5 29. a6 Nxb6 30. Rxb6 Rxc2 31. Rb8+ Kh7 32. Bd3+ g6 33. Bxc2 Rxa6 34. Bb3 Bxb3 35. Rxa6 Be6 36. Rxe6 fxe6 37. Rb5 Kg7 38. Rxe5 Kf6 39. Re3 e5 40. Kg2 Kf5 41. Kf3 g5 42. g4+ hxg4+ 43. hxg4+ Kf6 1-0


[Site "https://www.chess.com"]

[Event "Titled Tuesday Blitz March 29 Early 2022"]
[White "Zemlyanskii, Ivan"]
[Black "parintele_chess"]
[WhiteFideId "24249971"]
[WhiteElo "1759"]
[BlackElo "2236"]
[Result "1-0"]
[Round "01"]
[TimeControl "180+1"]
[Date "2022.03.30"]
[WhiteClock "0:01:07"]
[BlackClock "0:00:58"]

1. d4 d5 2. c4 e6 3. Nf3 Nf6 4. e3 dxc4 5. Bxc4 a6 6. a4 Be7 7. O-O O-O 8. Qe2 c5 9. Rd1 Nc6 10. Nc3 cxd4 11. exd4 Nd5 12. Bd3 g6 13. Bh6 Re8 14. Rac1 Bf8 15. Bg5 Be7 16. Bh6 Bf8 17. Bxf8 Rxf8 18. Ne4 Nf4 19. Qe3 Nxd3 20. Rxd3 Qb6 21. Qh6 f6 22. h4 Bd7 23. Nfg5 fxg5 24. Nxg5 Rf4 25. Qxh7+ Kf8 26. Qxd7 Rd8 27. Nxe6+ 1-0


[Site "https://www.chess.com"]

[Event "Titled Tuesday Blitz March 29 Early 2022"]
[White "Zhigalko, Sergei"]
[Black "Mortazavi, Ali"]
[WhiteFideId "13502956"]
[BlackFideId "401323"]
[WhiteElo "2662"]
[BlackElo "2339"]
[Result "0-1"]
[Round "01"]
[TimeControl "180+1"]
[Date "2022.03.29"]
[WhiteClock "0:00:04"]
[BlackClock "0:00:13"]

1. e4 c6 2. d4 d5 3. e5 Bf5 4. Nf3 e6 5. Be2 Ne7 6. O-O Ng6 7. Ne1 h5 8. Bd3 Nh4 9. Nd2 Bxd3 10. Nxd3 Be7 11. Nf3 Nf5 12. g3 g5 13. c3 Nd7 14. h3 Rc8 15. g4 hxg4 16. hxg4 Nh4 17. Be3 Qb6 18. Nxh4 Rxh4 19. Kg2 Nf8 20. f3 Ng6 21. Qd2 Kd7 22. Bxg5 Bxg5 23. Qxg5 Rch8 24. Rh1 Qb5 25. Nc5+ Ke8 26. Qd2 Nf4+ 27. Kg3 Ne2+ 28. Kg2 Nf4+ 29. Kg3 Rxh1 30. Rxh1 Rxh1 31. Kxf4 Qf1 32. Nxb7 Rh3 33. Qe3 Qg2 34. Nd6+ Ke7 35. Kg5 Rxf3 36. Qe1 Rg3 37. Qd1 Qf2 38. Nc8+ Kf8 39. Nd6 Qe3+ 0-1


[Site "https://www.chess.com"]

[Event "Titled Tuesday Blitz March 29 Early 2022"]
[White "Ambartsumova, Karina"]
[Black "Silva, Mariana Sofia T."]
[WhiteFideId "4166299"]
[BlackFideId "1911899"]
[WhiteElo "2262"]
[BlackElo "1825"]
[Result "1-0"]
[Round "02"]
[TimeControl "180+1"]
[Date "2022.03.30"]
[WhiteClock "0:00:46"]
[BlackClock "0:00:13"]

1. d4 Nf6 2. c4 e6 3. Nf3 Bb4+ 4. Nc3 b6 5. g3 Bb7 6. Bg2 O-O 7. O-O d5 8. Ne5 Nbd7 9. Qa4 Be7 10. Nxd7 Nxd7 11. cxd5 exd5 12. Nxd5 Bd6 13. Nf6+ Nxf6 14. Bxb7 Rb8 15. Qxa7 Re8 16. Bf3 Ne4 17. Qa4 Ng5 18. Qb3 Nxf3+ 19. Qxf3 Re6 20. e4 Be7 21. d5 Rg6 22. Bf4 Bc5 23. a3 Qd7 24. b4 Bd4 25. Rad1 Bf6 26. e5 Bg5 27. Rfe1 Qh3 28. Bxg5 Rxg5 29. Qg2 Qf5 30. d6 cxd6 31. exd6 Rd8 32. d7 1-0


[Site "https://www.chess.com"]